 Dungeon Crawl Stone Soup version 0.31-a0-889-g1a8549509d (webtiles) character file.

Game seed: 14772064026937403159

28 Kurtz the Sneak (level 3, 0/34 HPs)
             Began as a Naga Delver on Oct 16, 2023.
             Succumbed to a goblin's poison
             ... on level 1 of the Dungeon.
             The game lasted 00:01:32 (1059 turns).

Kurtz the Sneak (Naga Delver)                       Turns: 1059, Time: 00:01:33

Health: 0/34       AC:  6    Str: 14    XL:     3   Next: 14%
Magic:  3/3        EV:  1    Int: 10    God:
Gold:   78         SH:  0    Dex: 14    Spells: 2/2 levels left

rFire   . . .        a - +0 hand axe
rCold   . . .        (no shield)
rNeg    . . .        m - +0 plate armour
rPois   +            (no helmet)
rElec   .            (no cloak)
rCorr   .            (no gloves)
SInv    +            (no barding)
Will    .....        (no amulet) Stlth
                     (no ring)
HPRegen 0.25/turn    (no ring)
MPRegen 0.08/turn

%: no passive effects
@: lethally poisoned (0 -> -2), very slow
A: AC +1, large, see invisible, deformed body, poison resistance, slowness 2,
spit poison 1, naga tail 1, stinger 1
a: Spit Poison


You were on level 1 of the Dungeon.
You visited 1 branch of the dungeon, and saw 5 of its levels.

You collected 78 gold pieces.

Inventory:

Hand Weapons
 a - a +0 hand axe (weapon)
Missiles
 l - 5 boomerangs
Armour
 b - a +0 leather armour
 m - a +0 plate armour (worn)
Wands
 g - a wand of digging (3)
Scrolls
 c - 2 scrolls of fog
 d - 2 scrolls of revelation
 j - a scroll of enchant weapon {unknown}
 k - a scroll of poison {unknown}
 n - a scroll of teleportation {unknown}
Potions
 f - a potion of haste


   Skills:
 - Level 3.0 Fighting
 + Level 3.5 Axes
 - Level 1.5 Dodging
 - Level 7.2 Stealth


You had 2 spell levels left.
You didn't know any spells.
Your spell library contained the following spells:

 Spells                   Type           Power      Damage    Failure   Level
 Sting                    Tmut/Pois      0%         1d3       100%        1
 Poisonous Vapours        Pois/Air       0%         N/A       100%        2
 Olgreb's Toxic Radiance  Pois           0%         N/A       100%        4


Dungeon Overview and Level Annotations

Branches:
Dungeon (5/15)
 Temple: D:4-7

Altars:

Shops:
D:1 (   D:4 !


Innate Abilities, Weirdness & Mutations

Your serpentine skin is tough. (AC +1)
You have supernaturally acute eyesight. (SInv)
Armour fits poorly on your strangely shaped body.
Your system is resistant to poisons. (rPois)
You cover ground very slowly.
You can spit poison.
You have a snake-like lower body.
Your tail ends in a venomous barb.


Message History

The goblin hits you but does no damage.
You are lethally poisoned!
You're too confused to attack without stumbling around!
You're too confused to attack without stumbling around!
You're too confused to attack without stumbling around!
You're too confused to attack without stumbling around!
You bump into the rock wall.
* * * LOW HITPOINT WARNING * * *
You feel very sick. The goblin hits you but does no damage.
You are more poisoned.
You bump into the rock wall.
* * * LOW HITPOINT WARNING * * *
You feel very sick. The goblin hits you but does no damage.
* * * LOW HITPOINT WARNING * * *
You feel very sick.
The goblin hits you with a +1 dagger of venom.
* * * LOW HITPOINT WARNING * * *
You hit the goblin.
You kill the goblin!
You feel less invigorated.
You feel less confused.
* * * LOW HITPOINT WARNING * * *
You feel very sick.
* * * LOW HITPOINT WARNING * * *
You feel very sick.
You see here a +1 dagger of venom.
* * * LOW HITPOINT WARNING * * *
You feel sick.
Okay, then.
Found 11 gold pieces.
* * * LOW HITPOINT WARNING * * *
You feel sick.
* * * LOW HITPOINT WARNING * * *
You feel sick.
Okay, then.
* * * LOW HITPOINT WARNING * * *
You feel sick.
You die...

###.# # #.# ### ###.###
###.. ......#######
##.#.#
............###.#.#
##......###.##....#
##.........)....[.#####
.##.....###.).........#
#.##...## ###...@.....#
##.## #........... #.#
#.........#. #.#
............. #.
..##.........#. #. .
#.......$.# #.........#
#.........#


There were no monsters in sight!

Vanquished Creatures
  2 endoplasms (D:2)
  8 goblins
  3 hobgoblins
  A quokka (D:2)
  3 ball pythons
  2 bats
  6 frilled lizards
  A rat (D:2)
26 creatures vanquished.

Notes
Turn   | Place    | Note
-------+----------+-------------------------------------------
     0 | D:5      | Kurtz the Naga Delver began the quest for the Orb.
     0 | D:5      | Reached XP level 1. HP: 21/21 MP: 1/1
     4 | D:4      | Noticed a hound
     4 | D:4      | Found Xisehal's Distillery.
   358 | D:2      | Reached XP level 2. HP: 14/28 MP: 2/2
   663 | D:1      | Found Penu's Antique Weapon Emporium.
   794 | D:1      | Reached XP level 3. HP: 34/34 MP: 3/3
  1043 | D:1      | Gained mutation: You have hidden genetic potential. [potion
                  | of mutation]
  1043 | D:1      | Gained mutation: Your tail ends in a venomous barb. [potion
                  | of mutation]
  1043 | D:1      | Lost mutation: You have hidden genetic potential. [potion
                  | of mutation]
  1058 | D:1      | HP: 1/34 [poisoned by a goblin]
  1059 | D:1      | Succumbed to a goblin's poison

Illustrated notes

Levels and vault maps discovered:
D:1:      ebering_hopf_link, layout_loops_ring, serial_shops, nicolae_shop_stone
D:2:      kennysheep_six_static_rooms, layout_loops_ring, serial_shops, shop,
          minmay_lizard_pond
D:3:      layout_rooms, lemuel_coloured_pillars_altar, nzn_wu_jian_council_hall,
          mainiacjoe_overflow_catwalk, dreamdust_wishing_well
D:4:      layout_cave_pools, grunt_dithmenos_smoke, gammafunk_ghost_necromancy,
          nicolae_stop_n_shop_1
D:5:      layout_rooms, nemelex_dance_club_becter, minmay_temple_entry_tees,
          nicolae_stop_n_shop_2

Skill      XL: |  1  2 |
---------------+-------+-----
Axes           | 3 |  3.5
Fighting       | |  3.0
Dodging        | |  1.5
Stealth        | |  7.2

Action                     || total
---------------------------++-------
  Melee: Hand axe          ||    65
         Punch             ||     1
    Use: Scroll            ||     1
         Potion            ||     4
   Stab: Sleeping          ||     4
 Armour: Leather armour    ||    38
         Plate armour      ||    36
  Dodge: Dodged            ||    38

Table legend: (Time is in decaauts)
 A = Elapsed time spent in this place.
 B = Non-inter-level travel time spent in this place.
 C = Inter-level travel time spent in this place.
 D = Time resting spent in this place.
 E = Time spent auto-exploring this place.
 F = Levels seen in this place.
 G = Mean time per level.
                   A        B        C        D        E       F      G
               +--------+--------+--------+--------+--------+-----+--------+
         Total |   1385 |   1193 |    192 |     71 |    815 |   5 |  277.0 |
       Dungeon |   1385 |   1193 |    192 |     71 |    815 |   5 |  277.0 |
               +--------+--------+--------+--------+--------+-----+--------+

Top non-repeatable levels by time:
     D:2: 769 daAuts
     D:1: 528 daAuts
     D:3: 70 daAuts
     D:4: 11 daAuts
     D:5: 5 daAuts
